 Dungeon Crawl Stone Soup version 0.32-a0-468-g38b2580584 (webtiles) character file.

Game seed: 7181151507435094678

669 RocksteadyAndBebop the Caller (level 7, -7/46 HPs)
             Began as a Mummy Summoner on Feb 24, 2024.
             Splashed by a jelly's acid (11 damage)
             ... on level 4 of the Dungeon.
             The game lasted 00:07:32 (3506 turns).

RocksteadyAndBebop the Caller (Mummy Summoner)      Turns: 3506, Time: 00:07:33

Health: -7/46      AC: -2    Str: 11    XL:     7   Next: 32%
Magic:  13/15      EV: 12    Int: 16    God:
Gold:   228        SH:  0    Dex: 13    Spells: 9/17 levels left

rFire   . . .        d - +3 rapier (vamp)
rCold   + . .        (no shield)
rNeg    + + +        a - +0 robe
rPois   ∞            (no helmet)
rElec   .            (no cloak)
rCorr   .            (no gloves)
SInv    .            (no boots)
Will    .....        (no amulet)
Stlth   ++           h - ring of protection from fire
HPRegen 0.27/turn    (no ring)
MPRegen 0.14/turn

%: faith
@: corroded, inugami summoned
A: cold resistance 1, negative energy resistance 3, torment resistance 2, heat
vulnerability 1, in touch with death 1, no potions, faith
a: no special abilities


You were on level 4 of the Dungeon.
You visited 1 branch of the dungeon, and saw 4 of its levels.

You collected 228 gold pieces.

Inventory:

Hand Weapons
 d - a +3 vampiric rapier (weapon)
Armour
 a - a +0 robe (worn)
 c - an orb of light
 e - a +0 buckler
Jewellery
 h - a ring of protection from fire (left hand)
 i - a ring of resist corrosion
 j - a ring of protection from fire
Scrolls
 b - a scroll of immolation
 g - 2 scrolls of enchant weapon


   Skills:
 - Level 1.5 Dodging
 - Level 1.5 Stealth
 + Level 5.7 Spellcasting
 * Level 6.0 Summonings
 * Level 2.2 Air Magic


You had 9 spell levels left.
You knew the following spells:

 Your Spells              Type           Power      Damage    Failure   Level
c - Call Canine Familiar  Summ           24%        N/A       3%          3
l - Summon Lightning Spi  Summ/Air       17%        N/A       26%         4
s - Summon Small Mammal   Summ           96%        N/A       1%          1

Your spell library contained the following spells:

 Spells                   Type           Power      Damage    Failure   Level
 Call Imp                 Summ           48%        N/A       1%          2
 Sigil of Binding         Hex            4%         N/A       38%         3
 Summon Blazeheart Golem  Fire/Summ      14%        N/A       38%         4
 Dimensional Bullseye     Hex/Tloc       2%         N/A       80%         4


Dungeon Overview and Level Annotations

Branches:
Dungeon (4/15)
 Temple: D:4-7

Altars:
Uskayaw
Vehumet
Xom

Shops:
D:2 =


Innate Abilities, Weirdness & Mutations

You are immune to poison.
Your flesh is cold resistant. (rC+)
You are immune to negative energy. (rN+++)
You are immune to unholy pain and torment.
You are vulnerable to heat. (rF-)
You are in touch with the powers of death.
You do not drink.
You have a special connection with the divine. (Faith)


Message History

You hit the ogre.
You feel better.
The ogre is almost dead.
Your bat barely misses the ogre.
Your inugami hits the ogre. The ogre misses your inugami.
The jackal barely misses you.
Your inugami hits the ogre.
The ogre dies!
Your Summonings skill increases to level 6!
Your Air Magic skill increases to level 2!
You hit the jackal.
You kill the jackal!
Things that are here:
a +0 mace; a +0 leather armour; an orc corpse
Items here: ))) ÷÷÷.
Your bat disappears in a puff of smoke!
You see here an orb of light.
c - an orb of light A jelly comes into view.
You start removing your armour.
You continue removing your +0 buckler. x3
The jelly barely misses your inugami.
You continue removing your +0 buckler.
Your inugami completely misses the jelly.
You finish removing your +0 buckler.
You start putting on your armour.
You continue putting on your orb of light.
Your inugami hits the jelly.
Your inugami is burned by acid!
You continue putting on your orb of light. x2
The jelly hits you.
You stop putting on your armour.
You are splashed with acid!
Your inugami barely misses the jelly.
The jelly hits you. The acid corrodes you!
You are splashed with acid!
* * * LOW HITPOINT WARNING * * *
Casting: Summon Small Mammal (safe; 1% risk of failure)
Confirm with . or Enter, or press ? or * to list all spells.
Your inugami hits the jelly.
Your inugami is burned by acid!
The jelly hits you.
* * * LOW HITPOINT WARNING * * *
You are splashed with acid!
You die...

...#######)# #.# .
#.....##)# #.# ..
#...†..÷.# #.#
...#......### #####..
#..........## #....###
........÷...##..# .#
......r..<.....###.####.
.......J.))).###........
.......h@.)).##.......##
.##...>....†.#.........#
#......$÷..)#.........#
....................$..#
.#..........##.........#
#...........#.........#
............#........##
......................#
........<..........#


You could see a jelly (ally target), a friendly quokka (summoned) and a friendly
inugami (summoned).

Vanquished Creatures
  2 orc wizards
  2 adders
  2 dart slugs (D:1)
  5 orcs
  3 ball pythons
  3 bats
  An endoplasm (D:2)
  3 giant cockroaches
  2 hobgoblins
  5 jackals
  4 kobolds (D:2)
  A quokka (D:4)
  4 frilled lizards
  A rat (D:3)
38 creatures vanquished.

Vanquished Creatures (collateral kills)
  A sky beast (D:3)
  2 ogres (D:4)
  A phantom (D:4)
  A scorpion (D:4)
  A howler monkey (D:4)
  A bombardier beetle (D:4)
  4 adders
  3 ribbon worms
  5 orcs
  3 endoplasms
  3 goblins
  A hobgoblin (D:2)
  3 jackals (D:4)
  A quokka (D:3)
  6 ball pythons
  4 bats
  A frilled lizard (D:1)
  3 kobolds
  2 butterflies (D:3)
46 creatures vanquished.

Grand Total: 84 creatures vanquished

Notes
Turn   | Place    | Note
-------+----------+-------------------------------------------
     0 | D:1      | RocksteadyAndBebop the Mummy Summoner began the quest for
                  | the Orb.
     0 | D:1      | Reached XP level 1. HP: 13/13 MP: 4/4
   198 | D:1      | Found a faded altar of an unknown god.
   510 | D:1      | Reached XP level 2. HP: 16/19 MP: 3/6
  1111 | D:2      | Reached XP level 3. HP: 24/24 MP: 4/7
  1120 | D:2      | Learned a level 3 spell: Call Canine Familiar
  1170 | D:2      | Reached skill level 4 in Summonings
  1389 | D:2      | Reached XP level 4. HP: 30/30 MP: 6/9
  1425 | D:2      | Found Bouq's Jewellery Emporium.
  1608 | D:3      | Found a shimmering altar of Xom.
  1771 | D:3      | Found a radiant altar of Vehumet.
  1779 | D:3      | You fall into a shaft and drop 1 floor!
  1784 | D:4      | Noticed a sky beast
  1788 | D:4      | Noticed a phantom
  2006 | D:3      | Found a hide-covered altar of Uskayaw.
  2453 | D:4      | Killed a phantom
  2454 | D:4      | Reached XP level 5. HP: 35/35 MP: 4/11
  2574 | D:3      | Reached skill level 5 in Summonings
  2815 | D:4      | Reached skill level 5 in Spellcasting
  2815 | D:4      | Reached XP level 6. HP: 30/41 MP: 5/13
  2923 | D:3      | Learned a level 4 spell: Summon Lightning Spire
  3029 | D:4      | Reached skill level 1 in Air Magic
  3169 | D:3      | HP: 2/41 [quokka (3)]
  3301 | D:3      | Killed a sky beast
  3302 | D:3      | Reached XP level 7. HP: 28/46 MP: 9/15
  3492 | D:4      | Reached skill level 6 in Summonings
  3506 | D:4      | Splashed by a jelly's acid

Illustrated notes

Levels and vault maps discovered:
D:1:      dpeg_arrival_pond, layout_loops_cross,
          shapermc_ecumenical_altar_starsandcircs
D:2:      layout_basic, serial_shops, shop
D:3:      layout_rooms, nicolae_uskayaw_suspiria,
          mainiacjoe_overflow_tiny_flanked, xom_butterflies,
          dreamdust_mushroom_princess
D:4:      layout_rooms

Skill      XL: |  1  2  3  4  5  6  7 |
---------------+----------------------+-----
Spellcasting   | 3 4 5 |  5.7
Summonings     | 4 5 6 |  6.0
Air Magic      | 1 2 |  2.2
Dodging        | |  1.5
Stealth        | |  1.5

Action                     |  1- 3 |  4- 6 |  7- 9 || total
---------------------------+-------+-------+-------++-------
  Melee: Unarmed           |     8 |       |       ||     8
         Rapier            |    67 |    60 |    15 ||   142
   Cast: Summon Small Mamm |    42 |    37 |     5 ||    84
         Call Canine Famil |       |    22 |     4 ||    26
    Use: Scroll            |       |     5 |       ||     5
   Stab: Sleeping          |     2 |       |       ||     2
         Distracted        |     1 |     1 |       ||     2
 Armour: Robe              |    43 |    94 |    12 ||   149
  Dodge: Dodged            |    56 |    88 |    11 ||   155
  Block: Buckler           |     7 |    31 |     4 ||    42

Table legend: (Time is in decaauts)
 A = Elapsed time spent in this place.
 B = Non-inter-level travel time spent in this place.
 C = Inter-level travel time spent in this place.
 D = Time resting spent in this place.
 E = Time spent auto-exploring this place.
 F = Levels seen in this place.
 G = Mean time per level.
                   A        B        C        D        E       F      G
               +--------+--------+--------+--------+--------+-----+--------+
         Total |   3547 |   3234 |    313 |    742 |   1761 |   4 |  886.8 |
       Dungeon |   3547 |   3234 |    313 |    742 |   1761 |   4 |  886.8 |
               +--------+--------+--------+--------+--------+-----+--------+

Top non-repeatable levels by time:
     D:3: 1434 daAuts
     D:1: 900 daAuts
     D:2: 723 daAuts
     D:4: 489 daAuts
